 Dungeon Crawl Stone Soup version 0.14-a0-1036-g6cac21b (webtiles) character file.

10951 4tharraofdagon the Cleaver (level 11, -13/95 HPs)
             Began as a Minotaur Berserker on Nov 24, 2013.
             Was an Elder of Trog.
             Shot with an arrow by a centaur warrior (16 damage)
             ... on Level 13 of the Dungeon.
             The game lasted 00:27:13 (3256 turns).

4tharraofdagon the Cleaver (Minotaur Berserker)     Turns: 3256, Time: 00:27:13

HP -13/95        AC 17     Str 24 (25) XL: 11   Next: 39%
MP  16/16        EV  6     Int  4      God: Trog [****..]
Gold 244         SH  0     Dex 10      Spells:  0 memorised, 10 levels left

Res.Fire  : . . .   See Invis. : .   q - 5 chunks of cyclops flesh
Res.Cold  : . . .   Warding    : .   D - +0 orc plate armour
Life Prot.: . . .   Conserve   : .   (no shield)
Res.Poison: .       Res.Corr.  : .   (helmet restricted)
Res.Elec. : .       Clarity    : .   (no cloak)
Sust.Abil.: . .     Spirit.Shd : .   l - +0 pair of gloves
Res.Mut.  : .       Stasis     : .   (no boots)
Res.Rott. : .       Flight     : .   (no amulet)
Saprovore : . . .                    N - +2 ring of protection
                                     v - ring of teleport control

@: exhausted, somewhat resistant to hostile enchantments, extremely unstealthy
A: retaliatory headbutt, horns 2
a: Burn Spellbooks, Berserk, Trog's Hand, Brothers in Arms, Renounce Religion,
Evoke Teleport Control


You were on level 13 of the Dungeon.
You worshipped Trog.
Trog was greatly pleased with you.
You were not hungry.

You visited 2 branches of the dungeon, and saw 14 of its levels.
You also visited: Ice Cave.

You collected 416 gold pieces.
You spent 172 gold pieces at shops.

Inventory:

Hand weapons
 a - a +0,+0 hand axe
 d - a +0,+0 hand axe
 m - a +0,-1 war axe
 t - a +1,+1 orcish war axe
 y - a +0,+1 orcish war axe
 B - a +3,+3 spear
 C - the cursed +2,-1 spear "Schiesad" {vamp, -Cast rC+, unknown}
   (You found it on level 8 of the Dungeon)

   It inflicts no extra harm, but heals its wielder somewhat when it strikes a
   living foe.
   It protects you from cold.
   It prevents spellcasting.
   It has a curse placed upon it.
 F - a cursed +2,+2 hand axe
 Q - a +0,+0 orcish battleaxe
Missiles
 e - 12 stones (quivered)
 h - 2 needles of sleeping
 p - 11 darts of flame
 E - a throwing net
Armour
 b - a +0 animal skin
 l - a +0 pair of gloves (worn)
 o - a +0 scale mail
 s - a +0 chain mail
 D - a +0 orcish plate armour (worn)
 K - a +0 buckler
Magical devices
 j - a wand of slowing (10)
 G - a wand of flame (6)
Comestibles
 c - 4 bread rations
 f - 7 meat rations
 q - 5 chunks of cyclops flesh (in hand)
Scrolls
 g - 2 scrolls of remove curse
 i - 2 scrolls of enchant armour {unknown}
 k - 3 scrolls of noise
Jewellery
 v - a ring of teleport control (left hand)
 N - a +2 ring of protection (right hand)
Potions
 n - a potion of poison
 r - a potion of degeneration
 w - a potion of speed
 J - a potion of brilliance {unknown}
Books
 M - a book of War Chants

   Spells                             Type                      Level
   Fire Brand                         Charms/Fire                  2
   Freezing Aura                      Charms/Ice                   2
   Shroud of Golubria                 Charms/Translocation         2
   Repel Missiles                     Charms/Air                   2
   Poison Weapon                      Charms/Poison                3
   Regeneration                       Charms/Necromancy            3
   Trog disapproves of the use of such an item.


   Skills:
 + Level 10.5 Fighting
 * Level 13.9 Axes
 + Level 9.9 Armour
 - Level 2.1 Dodging
 + Level 7.5 Evocations


You had 10 spell levels left.
You didn't know any spells.

Dungeon Overview and Level Annotations

Branches:
Dungeon (13/16)            Temple (1/1) D:7
    Orc: D:9-12        Lair: D:8-11

Altars:
Elyvilon
Fedhas
Kikubaaqudgha
Makhleb
Nemelex Xobeh
Sif Muna
Zin

Shops:
D:7 +%(

Annotations:
D:4 Edmund; aves' ghost, experienced FoSk


Innate Abilities, Weirdness & Mutations

You reflexively headbutt those who attack you in melee.
You have a pair of horns on your head.


Message History

Unknown command.
Unknown command.
Read which item? (? for menu, Esc to quit)
Okay, then.
Evoke which item? (* to show all) (? for menu, Esc to quit)
Okay, then.
You feel yourself speed up.
The centaur warrior shoots an arrow.
The arrow hits you!
* * * LOW HITPOINT WARNING * * *
The centaur warrior shoots an arrow.
The arrow hits you!
* * * LOW HITPOINT WARNING * * *
You see here an arrow.
The centaur warrior shoots an arrow.
The arrow hits you!
* * * LOW HITPOINT WARNING * * *
You see here an arrow.
The centaur warrior shoots an arrow.
The arrow hits you!
* * * LOW HITPOINT WARNING * * *
You see here an arrow.
The centaur warrior shoots an arrow.
The arrow hits you!
You die...

..............#
..............##
....c...........#
.....%.....(...(.#
...........(....(##
..........(.)..(..#
................###
.........(........##
.........@..........#
....................##
...................(.#
.....................##
...................#.##
..................#..##
..............))).####
................)..#
.................ยงยง##


You could see a centaur warrior.

Vanquished Creatures
  2 centaur warriors
  Pikel (D:9)
  2 hill giants
  2 cyclopes
  A troll (D:12)
  A hydra zombie (D:12)
  2 polar bears (IceCv)
  2 two-headed ogres
  A basilisk (D:12)
  A shadow (D:12)
  2 wyverns
  2 yaks (IceCv)
  2 hippogriffs
  Eustachio (D:9)
  2 mottled dragons (D:12)
  3 manticores
  A soldier ant (D:13)
  2 wolves (IceCv)
  A sky beast (Temple)
  3 black bears
  A phantom (D:12)
  8 orc warriors
  A slave (D:9)
  3 ogres
  7 centaurs
  Duvessa (D:4)
  3 giant frogs
  A wyvern zombie (D:12)
  A manticore zombie (D:12)
  9 wights (D:12)
  4 crimson imps
  A yak skeleton (D:7)
  Dowan (D:4)
  A water moccasin zombie (D:8)
  A centaur zombie (D:5)
  3 jellies
  4 hounds
  5 orc priests
  2 scorpions
  10 orc wizards
  An iguana (D:9)
  3 worker ants
  A killer bee zombie (D:6)
  A mottled dragon zombie (D:12)
  A big kobold skeleton (D:11)
  2 hound zombies
  4 adders
  15 white imps
  3 worms
  An iguana skeleton (D:7)
  A grey rat (D:9)
  A giant eyeball (D:8)
  3 giant geckos
  An ooze (D:2)
  28 orcs
  A ball python (D:4)
  A giant cockroach (D:2)
  9 hobgoblins
  8 kobolds
  2 quokkas
  8 bats
  3 giant newts
  5 goblins
  14 jackals
  A kobold skeleton (D:6)
  2 rats
221 creatures vanquished.

Vanquished Creatures (others)
  A wolf (IceCv)
1 creature vanquished.

Grand Total: 222 creatures vanquished

Notes
Turn   | Place    | Note
--------------------------------------------------------------
     0 | D:1      | 4tharraofdagon, the Minotaur Berserker, began the quest for the Orb.
     0 | D:1      | Reached XP level 1. HP: 19/19 MP: 0/0
    41 | D:1      | Reached skill level 4 in Axes
    45 | D:1      | Reached XP level 2. HP: 19/26 MP: 0/0
   218 | D:2      | Reached XP level 3. HP: 13/33 MP: 1/1
   258 | D:2      | Acquired Trog's second power
   356 | D:4      | Reached skill level 5 in Axes
   356 | D:4      | Reached XP level 4. HP: 16/40 MP: 1/1
   359 | D:4      | Noticed aves' ghost (experienced FoSk)
   361 | D:4      | Noticed Dowan
   363 | D:4      | Noticed Duvessa
   365 | D:4      | Found an ancient bone altar of Kikubaaqudgha.
   372 | D:4      | Killed Dowan
   376 | D:4      | Killed Duvessa
   376 | D:4      | Reached skill level 6 in Axes
   376 | D:4      | Reached XP level 5. HP: 19/47 MP: 1/1
   428 | D:4      | Noticed Edmund
   435 | D:5      | Entered Level 5 of the Dungeon
   497 | D:5      | Found a white marble altar of Elyvilon.
   516 | D:5      | Reached skill level 5 in Fighting
   577 | D:6      | Found a blossoming altar of Fedhas.
   604 | D:7      | Reached XP level 6. HP: 41/53 MP: 2/2
   697 | D:8      | Reached skill level 1 in Evocations
   699 | D:8      | Reached skill level 7 in Axes
   788 | D:7      | Noticed an ogre
   791 | D:7      | Found a staircase to the Ecumenical Temple.
   793 | D:7      | Found Keitaxof's Food Boutique.
   825 | D:7      | Noticed an orc warrior
   825 | D:7      | Found Yraezoeb's Book Shoppe.
   830 | D:7      | Reached XP level 7. HP: 61/61 MP: 3/3
   834 | D:7      | Killed an ogre
   835 | D:7      | Killed an orc warrior
   835 | D:7      | Reached skill level 5 in Armour
   927 | D:7      | Noticed a centaur
   935 | D:7      | Killed a centaur
   935 | D:7      | Reached skill level 8 in Axes
   944 | D:7      | Found Exifelog's Antique Weapon Shoppe.
  1069 | D:7      | Noticed a sky beast
  1072 | Temple   | Entered the Ecumenical Temple
  1075 | Temple   | Killed a sky beast
  1075 | Temple   | Reached XP level 8. HP: 40/69 MP: 4/5
  1211 | D:7      | Bought a meat ration for 40 gold pieces
  1211 | D:7      | Bought a meat ration for 40 gold pieces
  1211 | D:7      | Bought a meat ration for 40 gold pieces
  1211 | D:7      | Bought a meat ration for 40 gold pieces
  1211 | D:7      | Bought a pear for 8 gold pieces
  1211 | D:7      | Bought a lychee for 4 gold pieces
  1256 | D:8      | Got a jewelled spear
  1295 | D:8      | Reached skill level 9 in Axes
  1341 | D:8      | Bloax: it seems like it's official
  1344 | D:8      | Bloax: Fo is fine
  1356 | D:8      | Bloax: because they're a challenge race
  1376 | D:8      | 4tharraofdagon: yea
  1376 | D:8      | Bloax: no fucking shit they're a challenge race
  1376 | D:8      | 4tharraofdagon: i like them the most from all new races
  1436 | D:8      | Bloax: I hope you like having abysmal HP in exchange for stasis and rPois-
  1491 | D:8      | Bloax: and the potential to wield twohanders with shields
  1600 | D:9      | Noticed a two-headed ogre
  1610 | D:9      | Killed a two-headed ogre
  1610 | D:9      | Reached skill level 10 in Axes
  1610 | D:9      | Reached XP level 9. HP: 70/77 MP: 9/9
  1668 | D:9      | Noticed Pikel
  1680 | D:9      | Killed Pikel
  1705 | D:9      | Noticed Eustachio
  1719 | D:9      | Killed Eustachio
  1719 | D:9      | Reached skill level 5 in Evocations
  1747 | D:8      | Found a deep blue altar of Sif Muna.
  1747 | D:8      | Found a glowing silver altar of Zin.
  1747 | D:8      | Found a burning altar of Makhleb.
  1747 | D:8      | Found a sparkling altar of Nemelex Xobeh.
  1758 | D:9      | Yolobear: oh my
  1761 | D:9      | Yolobear: MiBe
  1767 | D:9      | Yolobear: how inovative
  1768 | D:9      | 4tharraofdagon: eh yea
  1768 | D:9      | Bloax: hey
  1768 | D:9      | Bloax: at least it's fun to speedrun with
  1768 | D:9      | Bloax: you know
  1768 | D:9      | 4tharraofdagon: im getting tired of those cookie-cutter combos
  1768 | D:9      | Bloax: unlike fucking Fo
  1768 | D:9      | Daniel: idk, less and less people use shields
  1770 | D:9      | Yolobear: well
  1770 | D:9      | Yolobear: Fo just isnt
  1770 | D:9      | Yolobear: fun
  1770 | D:9      | Yolobear: thats the major issue
  1770 | D:9      | Bloax: no man
  1770 | D:9      | Bloax: they're fine
  1770 | D:9      | Daniel: axes are the way to go for melee
  1770 | D:9      | Bloax: they're a CHALLENGE race
  1770 | D:9      | Yolobear: really?
  1772 | D:9      | Bloax: totally fine
  1776 | D:9      | Reached skill level 11 in Axes
  1778 | D:9      | Yolobear: poison weakness seems kinda shitty
  1784 | D:9      | Bloax: no man
  1788 | D:9      | Bloax: that's the point
  1788 | D:9      | Acquired Trog's third power
  1790 | D:9      | Bloax: CHALLENGE
  1802 | D:9      | Yolobear: so not fun
  1804 | D:9      | Yolobear: FUN
  1808 | D:10     | Entered Level 10 of the Dungeon
  1815 | D:10     | Bloax: exactly
  1830 | D:10     | Bloax: if you want fun go play Gr or something
  1861 | D:10     | Bloax: which is a much better race in every single way
  1873 | D:10     | Bloax: because Fo is a challenge race!
  1880 | D:10     | Bloax: simple as that
  1925 | D:11     | Yolobear: for some inexplicable reason that sounds shit
  1938 | D:11     | Bloax: (In case it's not obvious, I'm talking horseshit against this stance.)
  2033 | D:11     | Yolobear: one never knows
  2045 | D:11     | Bloax: Just because they're a "challenge" race, then it doesn't mean they don't suck dick.
  2064 | D:11     | Bloax: Currently they have stasis.
  2065 | D:11     | Yolobear: some people are serious about what you said
  2071 | D:11     | Bloax: Interesting.
  2072 | D:11     | Yolobear: so
  2072 | D:11     | Bloax: Shields and big weapons.
  2073 | D:11     | Bloax: Interesting.
  2078 | D:11     | Bloax: rPois-
  2089 | D:11     | Bloax: bad but okay in the right conditions
  2093 | D:11     | Daniel: Bloax
  2117 | D:11     | Daniel: what do you suggest for doomrl
  2126 | D:11     | Daniel: for first try
  2131 | D:11     | Daniel: what char
  2141 | D:10     | Bloax: marine
  2145 | D:10     | Daniel: with what traits?
  2154 | D:11     | Bloax: grab tough as nails
  2155 | D:11     | Daniel: shotgun?
  2166 | D:11     | Noticed a hill giant
  2170 | D:11     | Bloax: and yes
  2170 | D:11     | Reached XP level 10. HP: 86/86 MP: 12/12
  2171 | D:11     | Bloax: shotguns
  2175 | D:11     | Killed a hill giant
  2200 | D:11     | araganzar: GET SOME
  2203 | D:11     | araganzar: FUCK YOU AIR
  2204 | D:11     | Daniel: so shotguns are that good?
  2218 | D:11     | Bloax: Shotguns are amazing.
  2285 | D:12     | Noticed a centaur warrior
  2286 | D:12     | Daniel: will try then, thanks
  2292 | D:12     | Reached skill level 12 in Axes
  2292 | D:12     | Killed a centaur warrior
  2324 | D:12     | Daniel: i really liked after watched that guy yesterday playing
  2362 | D:12     | Bloax: DoomRL is pretty fun, yeah.
  2369 | D:12     | Bloax: certainly more fun than Fo will ever be at this rate
  2377 | D:12     | Yolobear: doomRL?
  2378 | D:12     | Daniel: played the diablorl
  2386 | D:12     | Daniel: but not doomrl so far
  2432 | D:12     | Bloax: Going shields?
  2485 | D:12     | Yolobear: was his prefernce for quite some time
  2488 | D:12     | 4tharraofdagon: na
  2506 | D:12     | Bloax: why not grab that battleaxe then
  2556 | D:12     | 4tharraofdagon: ty
  2689 | D:12     | Reached skill level 13 in Axes
  2763 | D:12     | Reached skill level 10 in Fighting
  2790 | D:12     | :(
  2802 | D:12     | HP: 3/88 [burnt (4)]
  2803 | D:12     | :)
  2895 | D:12     | Noticed a cyclops
  2904 | D:12     | Killed a cyclops
  2904 | D:12     | Reached XP level 11. HP: 23/94 MP: 15/15
  2962 | D:12     | Found a frozen archway.
  2977 | IceCv    | Entered an ice cave
  3067 | IceCv    | :(
  3113 | D:12     | Noticed a hill giant
  3120 | D:12     | Killed a hill giant
  3218 | D:13     | Noticed a centaur warrior
  3227 | D:13     | Killed a centaur warrior
  3251 | D:13     | Noticed a centaur warrior
  3255 | D:13     | HP: 3/95 [centaur warrior/arrow (3)]
  3256 | D:13     | Shot with an arrow by a centaur warrior

Action                   |  1- 3 |  4- 6 |  7- 9 | 10-12 || total
-------------------------+-------+-------+-------+-------++-------
Melee: Hand axe          |    69 |    22 |       |       ||    91
       War axe           |       |    45 |   178 |    68 ||   291
       Battleaxe         |       |       |       |   112 ||   112
Invok: Trog's Hand       |     3 |     2 |     7 |    14 ||    26
       Berserk           |       |     3 |     9 |    10 ||    22
Evoke: Wand              |       |     1 |     1 |       ||     2
  Use: Scroll            |       |       |     1 |     9 ||    10
       Potion            |       |       |       |     5 ||     5
